[Event "Titled Tuesday Blitz November 22 Early 2022"]
[White "Begunov, Konstantin"]
[Black "Shapiro, Daniel"]
[WhiteFideId "4118510"]
[BlackFideId "2001780"]
[WhiteElo "2140"]
[BlackElo "2311"]
[Result "1-0"]
[Round "10"]
[TimeControl "180+1"]
[Date "2022.11.23"]
[WhiteClock "0:00:11"]
[BlackClock "0:00:01"]

1. d4 Nf6 2. c4 e6 3. Nf3 d5 4. Nc3 Bb4 5. Qa4+ Nc6 6. Ne5 a5 7. Nxc6 bxc6 8. a3 Be7 9. Bg5 Bd7 10. Qc2 O-O 11. e3 h6 12. Bh4 c5 13. dxc5 dxc4 14. Rd1 Bxc5 15. Bxf6 gxf6 16. Qe4 f5 17. Qf4 Kh7 18. Bxc4 Bd6 19. Qf3 Rb8 20. Rd2 Qf6 21. O-O Qh4 22. g3 Qxc4 23. Rd4 Qc6 24. Qh5 Be5 25. Rh4 Bg7 26. e4 Rxb2 27. exf5 exf5 28. Ne2 Qg6 29. Qf3 Bb5 30. Nf4 Qg5 31. Re1 Rb8 32. Rh5 Qf6 33. Nd5 Qd6 34. Rxf5 Bc6 35. Qe4 1-0


[Site "https://www.chess.com"]

[Event "Titled Tuesday Blitz November 22 Early 2022"]
[White "Berezin, Viktor"]
[Black "Bristy, Mukherjee"]
[WhiteFideId "14107872"]
[BlackFideId "25077325"]
[WhiteElo "2310"]
[BlackElo "1715"]
[Result "0-1"]
[Round "10"]
[TimeControl "180+1"]
[Date "2022.11.23"]
[WhiteClock "0:00:15"]
[BlackClock "0:00:06"]

1. d4 f5 2. g3 Nf6 3. Bg2 e6 4. Nf3 Be7 5. c4 O-O 6. O-O d6 7. Nc3 Qe8 8. Nd2 e5 9. dxe5 dxe5 10. e4 f4 11. Nd5 Nxd5 12. exd5 Nd7 13. Re1 Bd6 14. Ne4 Nf6 15. Ng5 Bg4 16. Qc2 fxg3 17. hxg3 Qh5 18. c5 Be7 19. Rxe5 Rae8 20. Bf4 Bxc5 21. Ne6 Bxf2+ 22. Qxf2 Bf5 23. Bf3 Ng4 24. Bxg4 Qxg4 25. Rae1 Rf7 26. Ng5 Rxe5 27. Rxe5 Rf8 28. Qe2 h6 29. Qxg4 Bxg4 30. Ne6 Rf7 31. Nd8 Rd7 32. Nxb7 g5 33. Bc1 Bf3 34. Nc5 Rxd5 35. Rxd5 Bxd5 36. b3 Kf7 37. Kf2 Kf6 38. Nd3 h5 39. Bb2+ Kf5 40. Ne5 h4 41. gxh4 gxh4 42. Nf3 h3 43. Nh2 Ke4 44. Ke2 Bb7 45. Ba3 Ba6+ 46. Kd2 c6 47. Bc5 Bc8 48. Bxa7 Kf4 49. Bf2 Ke4 50. a4 Ba6 51. Kc3 Be2 52. a5 Kd5 53. Kb4 Bd3 54. Kc3 Be2 55. b4 Ba6 56. Ng4 Be2 57. Ne3+ Ke4 58. Bg3 Kxe3 59. b5 Bxb5 60. Kb4 Kd4 61. Bf2+ Kd5 62. Bg1 Ba6 63. Ka4 c5 64. Kb3 c4+ 65. Kb4 Ke4 66. Kc3 Kf3 67. Bh2 Kg2 68. Bc7 h2 69. Bxh2 Kxh2 70. Kb4 Kg3 71. Kc5 c3 72. Kb6 Be2 73. a6 c2 74. a7 Bf3 75. Kc7 c1=Q+ 76. Kb8 Qb2+ 77. Kc7 Qc3+ 78. Kd8 Qd4+ 79. Ke7 Qxa7+ 80. Kf6 Qc5 81. Kg7 Kf4 82. Kg6 Qf5+ 83. Kg7 Kg5 84. Kh8 Qd7 85. Kg8 Kh6 86. Kf8 Bg4 87. Kg8 Qg7# 0-1


[Site "https://www.chess.com"]

[Event "Titled Tuesday Blitz November 22 Early 2022"]
[White "Boraso, Alessio"]
[Black "Larina, Maria"]
[WhiteFideId "848077"]
[BlackFideId "24113182"]
[WhiteElo "2286"]
[BlackElo "1848"]
[Result "1-0"]
[Round "10"]
[TimeControl "180+1"]
[Date "2022.11.23"]
[WhiteClock "0:00:05"]
[BlackClock "0:00:01"]

1. c4 f5 2. d3 Nf6 3. g3 g6 4. Bg2 Bg7 5. Nc3 d6 6. e4 e5 7. Nge2 O-O 8. O-O Nc6 9. Nd5 h6 10. Nec3 Nd4 11. Nxf6+ Qxf6 12. Nd5 Qd8 13. Be3 c6 14. Nc3 f4 15. Bxd4 exd4 16. Nb1 g5 17. Bf3 Bh3 18. Re1 Qf6 19. g4 h5 20. Kh1 hxg4 21. Bxg4 Qh6 22. Nd2 f3 23. Bxh3 Qxh3 24. Rg1 g4 25. Rg3 Qh4 26. Qg1 Rf4 27. e5 Bxe5 28. Nxf3 Rxf3 29. Rxf3 Bxh2 30. Qxh2 Qxh2+ 31. Kxh2 gxf3 32. Rg1+ Kh7 33. Rg4 c5 34. Kg3 Re8 35. Kxf3 Re7 36. Rg1 b6 37. b3 a5 38. a4 Rf7+ 39. Ke2 Re7+ 40. Kd2 Rf7 41. Rg2 Kh6 42. Ke2 Kh5 43. f3 Kh4 44. Rg4+ Kh3 45. Kf2 Re7 46. Re4 Rd7 47. f4 Kg4 48. Kg2 Kf5 49. Kf3 Rh7 50. Re8 Rh3+ 51. Ke2 Kxf4 52. Rf8+ Ke5 53. Re8+ Kf6 54. Rb8 Ke7 55. Rxb6 Re3+ 56. Kd2 Rh3 57. Rb5 Rh2+ 58. Kc1 Rh1+ 59. Kc2 Rh2+ 60. Kc1 Rh1+ 61. Kd2 Rh2+ 62. Kd1 Rh1+ 63. Ke2 Rh2+ 64. Kf3 Rd2 65. Ke4 Re2+ 66. Kd5 Rd2 67. Rb6 Rxd3 68. Rb7+ Kd8 69. Kxd6 Kc8 70. Rb5 Rc3 71. Rxc5+ Kb7 72. Rb5+ Kc8 73. Kc6 d3 74. Rxa5 Kb8 75. Rb5+ Kc8 76. Ra5 Kb8 77. Rd5 Rxb3 78. a5 Ra3 79. Kb6 Kc8 80. a6 Rb3+ 81. Kc6 Ra3 82. Kb6 Rb3+ 83. Ka7 1-0


[Site "https://www.chess.com"]

[Event "Titled Tuesday Blitz November 22 Early 2022"]
[White "Bortnyk, Olexandr"]
[Black "Ibarra Jerez, Jose Carlos"]
[WhiteFideId "14120828"]
[BlackFideId "2226332"]
[WhiteElo "2723"]
[BlackElo "2638"]
[Result "1-0"]
[Round "10"]
[TimeControl "180+1"]
[Date "2022.11.22"]
[WhiteClock "0:00:16"]
[BlackClock "0:00:05"]

1. e4 e6 2. d4 d5 3. Nc3 Nf6 4. Bg5 dxe4 5. Nxe4 Be7 6. Bxf6 gxf6 7. Nf3 f5 8. Ned2 c5 9. c3 Nc6 10. Bb5 cxd4 11. Nxd4 Bd7 12. Bxc6 bxc6 13. O-O c5 14. N4f3 Bf6 15. Nc4 O-O 16. Nfe5 Bb5 17. a4 Ba6 18. Re1 Qxd1 19. Raxd1 Rfd8 20. f4 Rxd1 21. Rxd1 Rd8 22. Rxd8+ Bxd8 23. Nd6 f6 24. Nc6 Bc7 25. Nb5 Bxf4 26. Nbxa7 Be3+ 27. Kh1 c4 28. Nb5 Bc1 29. Nc7 Bb7 30. Na5 Bd5 31. Nxd5 exd5 32. Nc6 Bxb2 33. a5 d4 34. a6 dxc3 35. Nd4 Ba3 36. a7 1-0


[Site "https://www.chess.com"]

[Event "Titled Tuesday Blitz November 22 Early 2022"]
[White "Boruchovsky, Avital"]
[Black "Oparin, Grigoriy"]
[WhiteFideId "2800055"]
[BlackFideId "24125890"]
[WhiteElo "2458"]
[BlackElo "2639"]
[Result "1-0"]
[Round "10"]
[TimeControl "180+1"]
[Date "2022.11.22"]
[WhiteClock "0:00:54"]
[BlackClock "0:00:33"]

1. e4 e5 2. Bc4 Nf6 3. Nc3 Nc6 4. d3 Na5 5. Nge2 Bc5 6. O-O O-O 7. Bg5 Nxc4 8. dxc4 c6 9. Qd3 h6 10. Be3 Bxe3 11. Qxe3 d6 12. h3 Qe7 13. b3 Be6 14. Rad1 Rfd8 15. f4 exf4 16. Nxf4 Re8 17. Qd4 Red8 18. Rd3 Ne8 19. Rg3 f6 20. Nh5 Kh8 21. Nxg7 Nxg7 22. Rxf6 c5 23. Rxh6+ Kg8 24. Rxe6 Qf7 25. Qd5 Rd7 26. Reg6 Qxd5 27. Nxd5 Rf7 28. Ne3 Kf8 29. Rxd6 Re8 30. Rg4 Ne6 31. Nf5 b6 32. Kh2 Rh7 33. Rg6 Nf4 34. Rdf6+ Rf7 35. Nd6 Nxg6 36. Rxf7+ Kg8 37. Rxa7 Re6 38. Nf5 Nf4 39. Kg3 Ne2+ 40. Kf3 Nc3 41. Re7 1-0


[Site "https://www.chess.com"]

[Event "Titled Tuesday Blitz November 22 Early 2022"]
[White "Buscar, Michael"]
[Black "Lehtosaari, Mauri"]
[WhiteFideId "2603616"]
[BlackFideId "501999"]
[WhiteElo "2010"]
[BlackElo "2506"]
[Result "1/2-1/2"]
[Round "10"]
[TimeControl "180+1"]
[Date "2022.11.23"]
[WhiteClock "0:00:22"]
[BlackClock "0:00:32"]

1. Nf3 d5 2. g3 Nf6 3. Bg2 c6 4. O-O Bf5 5. d3 e6 6. c3 Bc5 7. Nbd2 O-O 8. a4 a5 9. Re1 Qb6 10. d4 Bd6 11. Nh4 Bg6 12. Nxg6 hxg6 13. e4 dxe4 14. Nxe4 Nxe4 15. Bxe4 Nd7 16. Re2 Nf6 17. Bg2 Rad8 18. Bg5 Rfe8 19. Qc2 c5 20. Rd1 cxd4 21. Rxd4 Bc5 22. Rxd8 Rxd8 23. Rd2 Rxd2 24. Qxd2 Ng4 25. Qd8+ Qxd8 26. Bxd8 b6 27. b4 axb4 28. cxb4 Bxf2+ 29. Kf1 Bd4 30. Ke2 Ne5 31. a5 bxa5 32. bxa5 Nd7 33. Be7 f6 34. Bc6 Nc5 35. Bb5 Kf7 36. Bd6 Ne4 37. Bb4 Nc3+ 38. Bxc3 Bxc3 39. a6 Bd4 40. Bc6 Ke7 41. Kd3 Ba7 42. Ke4 Kd6 43. Be8 g5 44. Bb5 f5+ 45. Kf3 g4+ 46. Kf4 Bg1 47. Kg5 Ke5 48. Bd7 Ba7 49. Kg6 f4 50. gxf4+ Kxf4 51. Bxe6 Bd4 52. Kh5 g3 53. hxg3+ Kxg3 54. Kg6 Kf4 55. Kf7 g5 56. Ke7 Ke5 57. Bh3 Kf4 58. Kd7 Kg3 59. Be6 Kf4 60. Kc7 g4 61. Kb7 g3 62. Bd5 Ke3 63. a7 Bxa7 64. Kxa7 Kd4 65. Ba8 Ke3 66. Kb6 Kf2 67. Kc5 g2 68. Bxg2 1/2-1/2


[Site "https://www.chess.com"]

[Event "Titled Tuesday Blitz November 22 Early 2022"]
[White "Can, Isik"]
[Black "Ezat, Mohamed"]
[WhiteFideId "6383742"]
[BlackFideId "10600906"]
[WhiteElo "2374"]
[BlackElo "2386"]
[Result "1-0"]
[Round "10"]
[TimeControl "180+1"]
[Date "2022.11.23"]
[WhiteClock "0:01:26"]
[BlackClock "0:00:01"]

1. e4 e5 2. Nf3 Nc6 3. Bb5 Nge7 4. Nc3 g6 5. d4 exd4 6. Nd5 Bg7 7. Bg5 h6 8. Bf6 Kf8 9. Nxd4 Bxf6 10. Nxf6 Kg7 11. Qd2 d5 12. Qc3 Qd6 13. Nxc6 Qxf6 14. Nxe7 d4 15. Qxc7 Be6 16. O-O a6 17. Bd3 Rad8 18. Nd5 Bxd5 19. exd5 Rxd5 20. Qxb7 Rg5 21. Rae1 Rd8 22. f4 Rc5 23. Qxa6 1-0


[Site "https://www.chess.com"]

[Event "Titled Tuesday Blitz November 22 Early 2022"]
[White "Chernov, Mikhail"]
[Black "Sanchez, Robert"]
[WhiteFideId "24143170"]
[BlackFideId "2034360"]
[WhiteElo "2113"]
[BlackElo "2308"]
[Result "0-1"]
[Round "10"]
[TimeControl "180+1"]
[Date "2022.11.23"]
[WhiteClock "0:00:08"]
[BlackClock "0:00:06"]

1. e4 d5 2. exd5 Qxd5 3. Nc3 Qe6+ 4. Be2 Qg6 5. Nf3 Qxg2 6. Rg1 Qh3 7. d4 c6 8. Bf4 Qf5 9. Qd2 h6 10. O-O-O Nf6 11. Bd3 Qh5 12. Ne5 Bf5 13. Bc4 e6 14. d5 exd5 15. Nxd5 cxd5 16. Bb5+ Nbd7 17. Rge1 Be6 18. Nxd7 Nxd7 19. Re5 Qg4 20. h3 Qxh3 21. Qxd5 Be7 22. Rxe6 fxe6 23. Bxd7+ Kf8 24. Bxe6 Qh4 25. Be3 Rd8 26. Qf3+ Qf6 27. Rxd8+ Bxd8 28. Bc5+ Be7 29. Qd5 g5 30. Bd4 Qf4+ 31. Kb1 Qh2 32. a3 Rh7 33. Qxb7 Qd6 34. Qf3+ Ke8 35. Qf5 Qxd4 36. Qxh7 Qd1+ 37. Ka2 Qf3 38. Qxh6 Qf6 39. Qh5+ Kd8 40. Qg4 Bd6 41. Qc4 Ke7 42. Qc8 Qxe6+ 43. Qxe6+ Kxe6 44. f3 Kf5 45. c4 Kf4 46. b4 Kxf3 47. c5 Bc7 48. a4 g4 49. a5 a6 50. b5 axb5 51. a6 Bb8 52. c6 g3 53. c7 Bxc7 54. a7 g2 55. a8=Q+ Kf2 56. Qa7+ Ke2 57. Qg1 Kf3 58. Kb3 Bg3 59. Qd1+ Kf2 60. Qd2+ Kf3 61. Qd1+ Kf2 62. Kc2 g1=Q 63. Qxg1+ Kxg1 64. Kb3 Bd6 65. Kc3 Kf2 0-1


[Site "https://www.chess.com"]

[Event "Titled Tuesday Blitz November 22 Early 2022"]
[White "Chigaev, Maksim"]
[Black "Xiong, Jeffery"]
[WhiteFideId "4108116"]
[BlackFideId "2047640"]
[WhiteElo "2541"]
[BlackElo "2725"]
[Result "0-1"]
[Round "10"]
[TimeControl "180+1"]
[Date "2022.11.22"]
[WhiteClock "0:00:01"]
[BlackClock "0:00:34"]

1. c4 e6 2. g3 d5 3. Bg2 dxc4 4. Nf3 c5 5. Na3 Nc6 6. Nxc4 Nf6 7. O-O Be7 8. b3 O-O 9. Bb2 Nd5 10. d4 b5 11. Nce5 Nxe5 12. Nxe5 Bb7 13. dxc5 Bxc5 14. Rc1 Rc8 15. e4 Nf6 16. Qe2 Qb6 17. Rfd1 Rfd8 18. h3 h6 19. Rxd8+ Rxd8 20. Nd3 Bd4 21. Bxd4 Qxd4 22. Nc5 Rc8 23. Qxb5 Bxe4 24. Qc4 Qd2 25. b4 a5 26. a3 Bxg2 27. Kxg2 axb4 28. axb4 Nd5 29. Kg1 Nxb4 30. Rc3 Nd5 31. Qa6 Rb8 32. Rc4 Rb1+ 33. Kh2 Qxf2# 0-1


[Site "https://www.chess.com"]

[Event "Titled Tuesday Blitz November 22 Early 2022"]
[White "Chuemsakul, Sarocha"]
[Black "Fernandez Siles, Luis"]
[WhiteFideId "6203710"]
[BlackFideId "2209420"]
[WhiteElo "1686"]
[BlackElo "2186"]
[Result "1-0"]
[Round "10"]
[TimeControl "180+1"]
[Date "2022.11.23"]
[WhiteClock "0:00:02"]
[BlackClock "0:00:09"]

1. d4 Nf6 2. c4 g6 3. g3 Bg7 4. Bg2 O-O 5. Nc3 d6 6. Nf3 c6 7. e4 Bg4 8. h3 Bxf3 9. Qxf3 e5 10. d5 cxd5 11. cxd5 Nbd7 12. g4 Ne8 13. h4 Qa5 14. h5 b5 15. g5 f5 16. hxg6 hxg6 17. Qh3 Rf7 18. exf5 Rxf5 19. Be4 b4 20. Ne2 Kf7 21. Bxf5 gxf5 22. Qxf5+ Ke7 23. Bd2 Rc8 24. Rh7 Kd8 25. Qg6 Rc5 26. Rxg7 Nxg7 27. Qxg7 Kc7 28. Qe7 Rxd5 29. g6 Qb5 30. Rc1+ Kb6 31. Qd8+ Ka6 32. Qc8+ Ka5 33. Qc7+ Nb6 34. g7 Qd3 35. Qxa7+ Kb5 36. a4+ bxa3 37. Qa5# 1-0


[Site "https://www.chess.com"]

[Event "Titled Tuesday Blitz November 22 Early 2022"]
[White "Csonka, Balazs"]
[Black "Zhigalko, Sergei"]
[WhiteFideId "742910"]
[BlackFideId "13502956"]
[WhiteElo "2404"]
[BlackElo "2662"]
[Result "0-1"]
[Round "10"]
[TimeControl "180+1"]
[Date "2022.11.22"]
[WhiteClock "0:00:04"]
[BlackClock "0:00:05"]

1. d4 Nf6 2. c4 e6 3. Nc3 Bb4 4. Qc2 O-O 5. a3 Bxc3+ 6. Qxc3 d6 7. Nf3 Nbd7 8. g3 b6 9. Bg2 Bb7 10. O-O a5 11. b3 Qb8 12. Bb2 Be4 13. Rfe1 b5 14. Bh3 bxc4 15. bxc4 Nb6 16. Bc1 Na4 17. Qe3 Re8 18. Qf4 Qb3 19. Nd2 Qc3 20. Ra2 Bb1 21. Bb2 Nxb2 22. Rxb1 Nxc4 23. Nxc4 Qxc4 24. Rab2 Nd5 25. Qd2 Nc3 26. Ra1 Ne4 27. Qd3 Qxd3 28. exd3 Nf6 29. Rc1 Ra7 30. Bg2 g6 31. Bc6 Rd8 32. Rb5 h5 33. f3 Kf8 34. Kf2 Ke7 35. Ke3 Nd7 36. Kd2 Nb6 37. h4 Rb8 38. Rcb1 Rg8 39. f4 Rd8 40. Re1 Rb8 41. Reb1 d5 42. Ke2 Kd6 43. Rc5 Ra6 44. Bb5 Ra7 45. Rc6+ Ke7 46. Rbc1 Na8 47. a4 Rb6 48. R6c5 Rd6 49. Ke3 Kd8 50. Ke2 Nb6 51. Kf2 Nc8 52. Kf3 Ne7 53. Bc6 Nf5 54. Kf2 Nxd4 55. Bb5 Rb6 56. R1c3 Nf5 57. Rc1 Nd6 58. Bc6 Raa6 59. Kf3 Rb3 60. g4 Rxd3+ 61. Ke2 Rb3 62. gxh5 gxh5 63. Bxd5 exd5 64. Rxc7 Nc4 65. Rxf7 Re6+ 66. Kf2 Rb2+ 67. Kg1 Rg6+ 68. Kh1 Rg4 69. Re1 Rxh4+ 70. Kg1 Rg4+ 71. Kh1 Rh4+ 72. Kg1 Rhh2 73. Rf8+ Kd7 74. Rf7+ Kd6 75. Rf6+ Kc5 76. Rg6 Rhc2 77. Re8 Rc1+ 0-1


[Site "https://www.chess.com"]

[Event "Titled Tuesday Blitz November 22 Early 2022"]
[White "Derjabin, Ilja"]
[Black "Petrova, Irina"]
[WhiteFideId "14104768"]
[BlackFideId "14124122"]
[WhiteElo "2312"]
[BlackElo "2023"]
[Result "1-0"]
[Round "10"]
[TimeControl "180+1"]
[Date "2022.11.23"]
[WhiteClock "0:00:23"]
[BlackClock "0:00:36"]

1. d4 d6 2. c4 e5 3. d5 Be7 4. Nc3 a5 5. e4 Na6 6. Nge2 Nc5 7. Ng3 Nf6 8. Be2 O-O 9. O-O h6 10. f3 Nh7 11. Be3 b6 12. Kh1 Bg5 13. Bf2 Bd7 14. b3 Qe8 15. Rb1 Be7 16. a3 Bg5 17. b4 axb4 18. axb4 Na4 19. Nxa4 Bxa4 20. Qd3 Bd7 21. c5 bxc5 22. bxc5 Rb8 23. c6 Rxb1 24. Rxb1 Bc8 25. Qa3 Bd8 26. Rb8 Be7 27. Qa8 g6 28. h3 Nf6 29. Ba6 Bxa6 30. Rxe8 Rxe8 31. Qxa6 Rb8 32. Qa7 Rb1+ 33. Kh2 1-0


[Site "https://www.chess.com"]

[Event "Titled Tuesday Blitz November 22 Early 2022"]
[White "Diaz Rosas, Julio Cesar"]
[Black "Weetik, Vjacheslav"]
[WhiteFideId "5105099"]
[BlackFideId "4153472"]
[WhiteElo "2246"]
[BlackElo "2469"]
[Result "0-1"]
[Round "10"]
[TimeControl "180+1"]
[Date "2022.11.23"]
[WhiteClock "0:00:12"]
[BlackClock "0:00:10"]

1. e4 c6 2. d4 d5 3. e5 Bf5 4. Nf3 e6 5. Be2 Nd7 6. O-O Bg6 7. Nbd2 Nh6 8. Nb3 Nf5 9. c4 dxc4 10. Bxc4 Nb6 11. Be2 Be7 12. a4 Nd5 13. a5 O-O 14. Bd2 b6 15. Qc1 Rc8 16. axb6 axb6 17. Rd1 Qd7 18. Bg5 f6 19. exf6 gxf6 20. Bd2 Bd6 21. Re1 Kh8 22. Bc4 Rg8 23. Kh1 Bh5 24. Be2 Qc7 25. h3 Bg3 26. Rf1 Bxf2 27. Rxf2 Ng3+ 28. Kg1 Nxe2+ 29. Rxe2 Bxf3 30. Rf2 Qg3 31. Qf1 Bxg2 32. Rxg2 Qxb3 33. Bc3 Rxg2+ 34. Kh1 Rg6 35. Qf3 Qc2 36. Re1 Rcg8 37. Rxe6 Rg1# 0-1


[Site "https://www.chess.com"]

[Event "Titled Tuesday Blitz November 22 Early 2022"]
[White "Donskov, Anatoly"]
[Black "D`Arruda, Ricardo D."]
[WhiteFideId "24143413"]
[BlackFideId "100692"]
[WhiteElo "2219"]
[BlackElo "2511"]
[Result "0-1"]
[Round "10"]
[TimeControl "180+1"]
[Date "2022.11.23"]
[WhiteClock "0:00:07"]
[BlackClock "0:00:55"]

1. e4 c5 2. Nf3 Nc6 3. Nc3 e6 4. d4 cxd4 5. Nxd4 d6 6. f4 Nf6 7. Be3 Be7 8. Qf3 e5 9. Nf5 Bxf5 10. exf5 O-O 11. O-O-O Qa5 12. g4 exf4 13. Bxf4 Ne5 14. Qg3 Rac8 15. Be2 Rxc3 16. Qxc3 Qxa2 17. Qa3 Qxa3 18. bxa3 Rc8 19. h3 h6 20. Kb2 Ne4 21. Bxe5 dxe5 22. Rd7 Bf6 23. Kb3 Nc5+ 24. Kb4 Nxd7 25. c4 Be7+ 26. Kc3 Bxa3 27. Rd1 Rc7 28. Bf3 Bc5 29. Bd5 Bd4+ 30. Kd3 Nc5+ 31. Ke2 a5 32. h4 Kf8 33. g5 hxg5 34. hxg5 Ke7 35. Rh1 a4 36. Rh7 e4 37. f6+ gxf6 38. Rxf7+ Kd6 39. g6 Rxf7 40. Bxf7 f5 41. Bd5 f4 0-1


[Site "https://www.chess.com"]

[Event "Titled Tuesday Blitz November 22 Early 2022"]
[White "Durarbayli, Vasif"]
[Black "Duda, Jan-Krzysztof"]
[WhiteFideId "13402935"]
[BlackFideId "1170546"]
[WhiteElo "2586"]
[BlackElo "2779"]
[Result "0-1"]
[Round "10"]
[TimeControl "180+1"]
[Date "2022.11.22"]
[WhiteClock "0:00:02"]
[BlackClock "0:00:03"]

1. e4 e5 2. Nf3 Nc6 3. Bb5 Nf6 4. d3 Bc5 5. c3 d5 6. exd5 Qxd5 7. Bc4 Qd6 8. b4 Bb6 9. a4 e4 10. dxe4 Qxd1+ 11. Kxd1 Nxe4 12. Re1 Bf5 13. Kc2 O-O-O 14. Kb3 Bxf2 15. Rf1 Rhe8 16. a5 a6 17. Bxf7 Rf8 18. Bc4 Nd6 19. Bd5 Ba7 20. Bg5 Rde8 21. Nbd2 h6 22. Bh4 g5 23. Bg3 Ne7 24. Bxd6 cxd6 25. Bc4 d5 26. Be2 Nc6 27. Rae1 d4 28. cxd4 g4 29. Nh4 Nxd4+ 30. Kb2 Bd7 31. Rxf8 Rxf8 32. Ne4 Nxe2 33. Rxe2 Bd4+ 34. Kb3 Rf1 35. Rd2 Be6+ 36. Kc2 Be5 37. Nc5 Bg8 38. Nd7 Bh7+ 39. Kb3 Rb1+ 40. Kc4 Bg8+ 41. Kc5 Rc1+ 42. Kb6 Bc3 43. Rd3 Bc4 44. Nf5 Bxd3 0-1


[Site "https://www.chess.com"]

[Event "Titled Tuesday Blitz November 22 Early 2022"]
[White "Erdogdu, Mert"]
[Black "Aizpurua, Patrick Emilio"]
[WhiteFideId "6301495"]
[BlackFideId "6600522"]
[WhiteElo "2413"]
[BlackElo "2378"]
[Result "1-0"]
[Round "10"]
[TimeControl "180+1"]
[Date "2022.11.23"]
[WhiteClock "0:01:17"]
[BlackClock "0:00:20"]

1. e4 e5 2. Nf3 Nc6 3. Bc4 Bc5 4. d3 Nf6 5. O-O d6 6. c3 h6 7. a4 a6 8. Nbd2 O-O 9. h3 Ba7 10. b4 Be6 11. Bxe6 fxe6 12. Nb3 Ne7 13. Be3 Ng6 14. c4 Qe8 15. c5 d5 16. Qc2 Nh5 17. Nh2 Nhf4 18. d4 exd4 19. Nxd4 c6 20. exd5 exd5 21. Rae1 Qd7 22. Ng4 h5 23. Bxf4 hxg4 24. Qxg6 Rxf4 25. Ne6 Rxb4 26. Ng5 Re4 27. Qh7+ Kf8 28. Nxe4 dxe4 29. Rxe4 Re8 30. Qh8+ Kf7 31. Rf4+ Kg6 32. Rxg4+ 1-0


[Site "https://www.chess.com"]

[Event "Titled Tuesday Blitz November 22 Early 2022"]
[White "Farmani Anosheh, Armin"]
[Black "Kirillov, Dmitry"]
[WhiteFideId "24613240"]
[BlackFideId "34180572"]
[WhiteElo "2289"]
[BlackElo "2095"]
[Result "1-0"]
[Round "10"]
[TimeControl "180+1"]
[Date "2022.11.23"]
[WhiteClock "0:00:37"]
[BlackClock "0:00:02"]

1. d4 d5 2. c4 e6 3. Nf3 c6 4. Qc2 f5 5. g3 Nf6 6. Bg2 Bd6 7. O-O O-O 8. Nbd2 Ne4 9. Ne1 Nd7 10. Ndf3 e5 11. dxe5 Nxe5 12. Nxe5 Bxe5 13. Nf3 Bf6 14. cxd5 cxd5 15. Rd1 Be6 16. Be3 Rc8 17. Qa4 a6 18. Bd4 Rc4 19. Qb3 b5 20. e3 Qd6 21. Bxf6 Nxf6 22. Nd4 Ne4 23. Rd3 Nc5 24. Qd1 Nxd3 25. Qxd3 Rfc8 26. h4 Bd7 27. Nb3 Be6 28. Nd4 Bf7 29. Nxf5 Qf6 30. Bxd5 Bxd5 31. Qxd5+ Kh8 32. e4 Qxb2 33. Rd1 Rc1 34. Kg2 Rxd1 35. Qxd1 Qe5 36. Qd7 Re8 37. f3 g6 38. Nh6 Qe7 39. Qd4+ Qg7 40. Nf7+ Kg8 41. Qxg7+ Kxg7 42. Nd6 Rd8 43. e5 b4 44. Kf2 a5 45. Ke3 Kf8 46. Kd4 Ke7 47. Kd5 a4 48. Kc4 Rb8 49. Ne4 b3 50. axb3 Rxb3 51. Nc3 Ke6 52. f4 Rb2 53. Nxa4 Rg2 54. Nc5+ Kf5 55. e6 Kf6 56. Kd5 Ke7 57. Ne4 h6 58. Ke5 Re2 59. f5 gxf5 60. Kxf5 Re3 61. Kf4 Re1 62. Kf5 Rf1+ 63. Ke5 Re1 64. g4 Rg1 65. g5 hxg5 66. hxg5 Rg2 67. Kf5 Ke8 68. Kf6 Rg1 69. Nd6+ 1-0


[Site "https://www.chess.com"]

[Event "Titled Tuesday Blitz November 22 Early 2022"]
[White "Fathy, Elameir"]
[Black "Zaichenko, Daria"]
[WhiteFideId "10600396"]
[BlackFideId "4197453"]
[WhiteElo "2311"]
[BlackElo "2039"]
[Result "1-0"]
[Round "10"]
[TimeControl "180+1"]
[Date "2022.11.23"]
[WhiteClock "0:00:19"]
[BlackClock "0:00:53"]

1. d4 d5 2. c4 e6 3. Nf3 Be7 4. g3 Nf6 5. Bg2 O-O 6. O-O dxc4 7. Na3 Bxa3 8. bxa3 Nd5 9. a4 f5 10. Qc2 c3 11. Ne5 Na6 12. Ba3 Rf6 13. e4 fxe4 14. Bxe4 g6 15. Ng4 Rf8 16. Bxf8 Qxf8 17. Ne3 Nab4 18. Qb3 c6 19. a3 Na6 20. Rfe1 Qg7 21. Nxd5 exd5 22. Bxd5+ cxd5 23. Qxd5+ Be6 24. Qxe6+ Kh8 25. Rac1 Qxd4 26. Rcd1 Qc5 27. Qf6+ Kg8 28. Rd7 Qf8 29. Qxc3 Rc8 30. Qb3+ Kh8 31. Ree7 Qh6 32. Rxh7+ Qxh7 33. Rxh7+ Kxh7 34. Qxb7+ Rc7 35. Qxa6 Rc1+ 36. Kg2 Kh6 37. Qxa7 Ra1 38. Qe3+ Kh5 39. h4 Rxa3 40. Qg5# 1-0


[Site "https://www.chess.com"]

[Event "Titled Tuesday Blitz November 22 Early 2022"]
[White "Fernandez Hernandez, Gerardo"]
[Black "Kiseljova, Marya"]
[WhiteFideId "2207400"]
[BlackFideId "4155009"]
[WhiteElo "2222"]
[BlackElo "1907"]
[Result "0-1"]
[Round "10"]
[TimeControl "180+1"]
[Date "2022.11.23"]
[WhiteClock "0:00:02"]
[BlackClock "0:01:03"]

1. e4 c5 2. d3 Nc6 3. g3 d5 4. Nd2 Nf6 5. Bg2 e5 6. Ngf3 dxe4 7. dxe4 Be7 8. O-O O-O 9. Re1 h6 10. c3 Bg4 11. h3 Be6 12. Qe2 Qd7 13. Kh2 Rfd8 14. Nc4 Qc7 15. a4 Rd7 16. Bd2 Rad8 17. Rad1 Na5 18. Ncxe5 Rd6 19. Bf4 g5 20. Rxd6 Bxd6 21. Bc1 Bxe5 22. Nxe5 Qxe5 23. f4 gxf4 24. gxf4 Qh5 25. Qb5 b6 26. f5 Bc4 27. Rg1 Kh7 28. Qxc4 Nxc4 29. Bf1 Ne5 0-1


[Site "https://www.chess.com"]

[Event "Titled Tuesday Blitz November 22 Early 2022"]
[White "Ferreira, Vitor Hugo Vieira"]
[Black "Spalir, Monika"]
[WhiteFideId "2119765"]
[BlackFideId "14609118"]
[WhiteElo "2168"]
[BlackElo "2032"]
[Result "1/2-1/2"]
[Round "10"]
[TimeControl "180+1"]
[Date "2022.11.23"]
[WhiteClock "0:01:01"]
[BlackClock "0:00:16"]

1. e4 c5 2. Nf3 Nc6 3. d4 cxd4 4. Nxd4 Nf6 5. Nc3 e5 6. Ndb5 d6 7. Bg5 a6 8. Na3 b5 9. Nd5 Be7 10. Bxf6 Bxf6 11. c4 b4 12. Nc2 Bg5 13. g3 a5 14. b3 O-O 15. Bg2 Be6 16. O-O Bh6 17. Qd3 Bxd5 18. cxd5 Nb8 19. Rae1 Nd7 20. f4 Nc5 21. Qf3 exf4 22. gxf4 Qb6 23. Kh1 a4 24. Nd4 Bxf4 25. Qxf4 Nd3 26. Qe3 Nxe1 27. Rxe1 axb3 28. axb3 Ra2 29. Rd1 Rfa8 30. Bf3 Rb2 31. Qg5 h6 32. Qg3 Raa2 33. Nf5 Rxh2+ 34. Qxh2 Rxh2+ 35. Kxh2 Qf2+ 36. Bg2 Qf4+ 37. Kg1 g6 38. Rf1 Qe5 39. Nxh6+ Kg7 40. Nxf7 Qd4+ 41. Rf2 Qd1+ 42. Kh2 Qh5+ 43. Bh3 Qh4 44. Kg2 Qxe4+ 45. Kg3 Qxd5 46. Bg2 Qxb3+ 47. Rf3 Qc2 48. Nxd6 b3 49. Rf7+ Kh6 50. Rf2 Qc1 51. Nf7+ Kg7 52. Ne5 b2 53. Be4 b1=Q 54. Bxb1 Qxb1 55. Rf7+ Kg8 56. Rf3 Qb5 57. Ng4 Qb8+ 58. Kh4 Qd8+ 59. Kg3 Qd6+ 60. Kh4 Qe7+ 61. Kg3 Qd6+ 62. Kh4 Qe7+ 63. Kh3 Qh7+ 64. Kg3 Qc7+ 65. Kg2 Qc2+ 66. Rf2 Qc6+ 67. Kg3 Qd6+ 68. Kh4 Qe7+ 69. Kh3 Qh7+ 70. Kg2 Qb7+ 71. Kg1 Qb1+ 72. Kh2 Qb8+ 73. Kh3 Qb3+ 74. Kh4 Qb6 75. Rf6 Qxf6+ 76. Nxf6+ Kf7 77. Kg5 Kg7 78. Ng4 Kf7 79. Ne3 Ke7 80. Nd5+ Ke6 81. Nf4+ Ke5 82. Nh3 Kd4 83. Ng1 Kd3 84. Nf3 Ke3 85. Kg4 Ke4 86. Nh4 Ke5 87. Ng2 Kd4 88. Nf4 Ke4 89. Ne6 Kd3 90. Ng5 Kd4 91. Kf4 Kd5 92. Nf3 g5+ 93. Kf5 g4 94. Nh4 g3 95. Ng2 Kd4 96. Kf4 Kd3 97. Kf3 Kd4 98. Kxg3 1/2-1/2


[Site "https://www.chess.com"]